Kennik, chaotic male orcish Barbarian ----------- |......*?.| |.*..@V..`| |...ZM....| |.*.+.+...| |........*| ----------- Kennik the Bandit Experience level: 7 Strength: 18/01 Dexterity: 18 Constitution: 17 Intelligence: 7 Wisdom: 10 Charisma: 6 Health: 0(64) Energy: 18(18) Def: 11 Gold: 732 Moves: 4148 Dungeon seed: qXbVQimh74RYm0X6 Game ID: Kennik_1545214240 Your Inventory: Coins $ - 732 gold pieces Weapons b - a +0 axe h - a +0 orcish dagger u - a cursed -1 orcish dagger (in quiver) v - 12 +0 darts A - a rusty +0 battle-axe (weapon in hands) Armor n - a cursed +0 elven mithril-coat q - an uncursed +0 dwarvish iron helm (being worn) r - an uncursed +0 bronze plate mail (being worn) N - an uncursed +1 pair of iron shoes (being worn) T - an uncursed +0 dwarvish mithril-coat Y - a cursed rotted +0 dwarvish cloak (being worn) Comestibles j - an uncursed egg m - an uncursed eucalyptus leaf B - an uncursed tin of gnome meat Scrolls i - a cursed scroll of enchant armor F - an uncursed scroll of teleportation P - an uncursed scroll of stinking cloud Spellbooks s - an uncursed spellbook of force bolt Potions e - an uncursed potion of see invisible g - an uncursed potion of sickness Q - an uncursed potion of healing Rings w - a cursed ring of aggravate monster Wands k - a wand of undead turning (0:0) p - a wand of create monster (0:13) Tools a - an uncursed oil lamp (lit) (0:1126) f - 2 uncursed tallow candles (0:200) l - an uncursed credit card x - a bag of tricks (0:5) C - an uncursed mirror L - a +0 pick-axe (alternate weapon; not wielded) M - an uncursed bag of holding X - an uncursed tin whistle Z - an uncursed skeleton key Gems y - an uncursed chrysoberyl stone z - an uncursed worthless piece of blue glass J - 2 uncursed worthless pieces of violet glass K - an uncursed diamond Spells and supernatural/magical abilities: Name Level Category Fail Memory W - pray for help -- divine ? -- Your skills at the end: Fighting Skills bare handed combat [Basic] Weapon Skills axe [Basic] two-handed sword [Basic] Spellcasting Skills Final Attributes: You were piously aligned. You were poison resistant. You had infravision. You were fast. You are dead. Vanquished creatures: a watchman a giant beetle 2 gnome kings 3 brown puddings a dwarf lord a bugbear 2 Uruk-hai a fog cloud a shrieker 8 gnome lords a kobold mummy a little dog a kitten 6 dwarves 2 rothes 2 rabid rats 4 killer bees an acid blob 2 hobbits a hobgoblin a brown mold 2 yellow molds 25 gnomes 5 garter snakes a gnome zombie 4 geckos a jackal 3 kobolds 2 goblins 5 grid bugs 2 lichens a kobold zombie 5 newts 99 creatures vanquished. Voluntary challenges: You had been an atheist until turn 3188. You used a wielded weapon 132 times, starting on turn 2. You read items or engraved 5 times, starting on turn 393. You never genocided any monsters. You never polymorphed an object. You never changed form. You used no wishes. You split 2 puddings, starting on turn 3023. You wrote Elbereth's name 2 times, starting on turn 394. You violated your moral code, losing 59 points of alignment, starting on turn 2. Dungeon overview: The Dungeons of Doom: levels 1 to 4 Level 1 some fountains a long staircase Level 2 Level 3 a fountain Level 4 a general store stairs to The Gnomish Mines The Gnomish Mines: levels 5 to 12 Level 5 stairs to The Dungeons of Doom Level 6 Level 7 a temple to Crom, a fountain Level 8 Level 9 Level 11 Level 12 <- You were here History has recorded: On T:1 you entered the Dungeons of Doom to retrieve the Amulet of Yendor! On T:356 you reached level 2 of The Dungeons of Doom. On T:500 you advanced to experience level 2. On T:1002 you reached level 3 of The Dungeons of Doom. On T:1013 you advanced to experience level 3. On T:1693 you reached level 4 of The Dungeons of Doom. On T:1775 you advanced to experience level 4. On T:2030 you reached level 1 of The Gnomish Mines. On T:2139 you advanced to experience level 5. On T:2419 you reached level 2 of The Gnomish Mines. On T:2706 you advanced to experience level 6. On T:2902 you reached level 3 of The Gnomish Mines. On T:3355 you reached level 4 of The Gnomish Mines. On T:3405 you advanced to experience level 7. On T:3839 you reached level 5 of The Gnomish Mines. On T:4098 you reached level 7 of The Gnomish Mines. On T:4143 you reached level 8 of The Gnomish Mines. Score breakdown: Gold: 732 ( 9746 points) Experience: 7 levels (13645 points) Exploration: 12 levels ( 24.00%) (14214 points) Discoveries: 7 items ( 2.85%) ( 5060 points) Valuables value: (no points given unless you survive) Artifact value: 0 ( 0 points) Variety of kills: 33 monsters ( 8.66%) ( 8829 points) Turncount: 4148 turns (-1078 points) Survival: died (score multiplied by 80%) Total score: 40332 Latest messages: You smite the human mummy! The vampire lord hits! The vampire lord bites! The human mummy just misses! The human mummy hits! You feel an absence of magical power. The vampire lord hits! The vampire lord bites! The human mummy hits! (2x) You smite the human mummy! The vampire lord hits! The vampire lord bites! The dwarf zombie hits! The human mummy hits! (2x) You feel an absence of magical power. The vampire lord hits! The vampire lord bites! You die... The bag of holding is empty. The bag of holding is empty. Final status: Goodbye Kennik the Barbarian, killed by a vampire lord... You died in The Gnomish Mines on dungeon level 12 with 40332 points, and 732 pieces of gold, after 4148 moves. You were level 7 with a maximum of 64 hit points when you died.